 Dungeon Crawl Stone Soup version 0.29.1-12-g30fa7ad0bf (webtiles) character file.

Game seed: 3393040478305183744

600 mopl the Stinger (level 7, -3/69 HPs)
             Began as a Formicid Venom Mage on Jan 16, 2023.
             Slain by Maggie
             ... wielding a +0 vorpal war axe
              (5 damage)
             ... on level 7 of the Dungeon.
             The game lasted 00:06:24 (3363 turns).

mopl the Stinger (Formicid Venom Mage)              Turns: 3363, Time: 00:06:24

Health: -3/69      AC: 27    Str: 14    XL:     7   Next: 69%
Magic:  11/15      EV:  2    Int: 15    God:
Gold:   130        SH:  0    Dex: 20    Spells: 10/17 levels left

rFire   . . .      SeeInvis .   w - +0 trident (venom)
rCold   . . .      Faith    +   (no shield)
rNeg    . . .      Spirit   .   (body armour currently unavailable)
rPois   +          Reflect  .   (helmet unavailable)
rElec   .          Harm     .   (cloak currently unavailable)
rCorr   .          Rampage  .   (gloves currently unavailable)
Will    .....                   (boots currently unavailable)
Stlth   ++........              u - amulet of faith {!P}
HPRegen 0.21/turn               n - +6 ring of dexterity
MPRegen 0.14/turn               A - +4 ring of protection

@: mighty, tree-form (expiring)
A: stationary, stasis, torment immunity, boosted hp, permanent stasis, dig
shafts and tunnels, (antennae 3), four strong arms
a: no special abilities


You were on level 7 of the Dungeon.
You were a tree.
You visited 1 branch of the dungeon, and saw 5 of its levels.

You collected 130 gold pieces.

Inventory:

Hand Weapons
 p - a +0 dagger of flaming
 w - a +0 trident of venom (weapon)
Missiles
 y - 5 poisoned darts
Armour
 a - a +0 robe (melded)
 e - a +0 ring mail
 i - a +0 cloak (melded)
 k - a +1 pair of gloves (melded)
Magical Staves
 r - a staff of fire
 B - a staff of death
Jewellery
 n - a +6 ring of dexterity (left branch)
 u - an amulet of faith (around neck) {!P}
 A - a +4 ring of protection (right branch)
Scrolls
 f - 3 scrolls of vulnerability {unknown}
 g - 5 scrolls of identify
 h - a scroll of amnesia {unknown}
 l - a scroll of enchant armour {unknown}
 o - 2 scrolls of immolation {unknown}
 q - a scroll of blinking {unknown}
 s - a scroll of noise {unknown}
 x - a scroll of fear {unknown}
 z - 3 scrolls of magic mapping {unknown}
 C - a scroll of teleportation {unknown}
Potions
 b - a potion of magic
 c - a potion of flight
 d - 2 potions of might
 m - 3 potions of ambrosia
 v - a potion of resistance


   Skills:
 - Level 1.7 Dodging
 - Level 2.4 Stealth
 + Level 5.5 Spellcasting
 - Level 1.1 Transmutations
 - Level 2.0 Air Magic
 + Level 7.8 Poison Magic


You had 10 spell levels left.
You knew the following spells:

 Your Spells              Type           Power      Damage    Failure   Level
a - Sting                 Tmut/Pois      68%        1d6       2%          1
b - Poisonous Vapours     Pois/Air       36%        N/A       3%          2
o - Olgreb's Toxic Radia  Pois           27%        N/A       6%          4

Your spell library contained the following spells:

 Spells                   Type           Power      Damage    Failure   Level
 Mephitic Cloud           Conj/Pois/Air  13%        N/A       12%         3


Dungeon Overview and Level Annotations

Branches:
Dungeon (4/15)
 Temple: D:4-7

Altars:
Ashenzari
Fedhas
Kikubaaqudgha
Ru
Uskayaw
Vehumet
Yredelemnul

Annotations:
D:2 1 runed translucent door, Crazy Yiuf
D:7 2 transporters, Maggie, Menkaure, Prince Ribbit


Innate Abilities, Weirdness & Mutations

You are a tree.
Your roots penetrate the ground, keeping you stationary.
You cannot be teleported.
You are immune to unholy pain and torment.
Your maximum health is greatly increased.
Your equipment is partially melded.
You cannot be hasted, slowed, berserked, paralysed or teleported.
You can dig through walls and to a lower floor.
((You have a pair of large antennae on your head. (SInv)))
Your four strong arms can wield two-handed weapons with a shield.


Message History

The bullfrog hits you but does no damage.
Maggie hits you but does no damage. The gnoll barely misses you.
The bullfrog hits you but does no damage.
The gnoll hits you but does no damage. Maggie hits you but does no damage.
Unknown command.
You puncture Maggie!
Maggie is severely wounded.
The bullfrog completely misses you.
The bullfrog hits you but does no damage.
The gnoll hits you but does no damage. Maggie hits you but does no damage.
Unknown command.
You hit Maggie.
Maggie looks as sick as possible!
Maggie is almost dead.
The bullfrog hits you but does no damage.
Maggie hits you with a +0 vorpal war axe.
* * * LOW HITPOINT WARNING * * *
x2 The gnoll hits you but does no damage.
The bullfrog hits you but does no damage.
You feel better. The bullfrog hits you.
* * * LOW HITPOINT WARNING * * *
The gnoll hits you but does no damage. Maggie hits you but does no damage.
The bullfrog hits you.
* * * LOW HITPOINT WARNING * * *
Unknown command.
You barely miss Maggie.
Maggie is almost dead.
Your transformation is almost over.
Maggie completely misses you. The gnoll hits you but does no damage.
The bullfrog hits you but does no damage.
Maggie hits you with a +0 vorpal war axe.
* * * LOW HITPOINT WARNING * * *
x2 The gnoll hits you but does no damage.
The bullfrog releases a deep croak.
The bullfrog hits you but does no damage.
You closely miss Maggie.
Maggie is almost dead.
The bullfrog hits you but does no damage.
The gnoll barely misses you.
Maggie hits you with a +0 vorpal war axe.
You die...

#...§......#
#..≈≈§≈≈≈≈.#
#.≈≈≈≈≈≈...#
#.§≈_....8.#
#.§≈≈§≈≈.{.####
#..≈§§§≈≈≈.....
#§....§....#######
######...###g)....
##..F♣@g# ########


You could see Maggie (very poisoned), a bullfrog and 2 gnolls.

Vanquished Creatures
  An ice beast (D:7)
  A necrophage (D:4)
  A gnoll sergeant (D:7)
  3 killer bees (D:7)
  An iguana (D:7)
  Terence (D:3)
  Robin (D:2)
  4 adders
  8 gnolls
  A dart slug (D:2)
  3 orcs (D:3)
  6 ball pythons
  5 endoplasms
  3 giant cockroaches
  13 goblins
  8 hobgoblins
  6 kobolds
  3 quokkas
  3 bats (D:1)
  3 frilled lizards
  9 rats
84 creatures vanquished.

Vanquished Creatures (others)
  12 fungi (D:3)
12 creatures vanquished.

Grand Total: 96 creatures vanquished

Notes
Turn   | Place    | Note
-------+----------+-------------------------------------------
     0 | D:1      | mopl the Formicid Venom Mage began the quest for the Orb.
     0 | D:1      | Reached XP level 1. HP: 13/13 MP: 3/3
   139 | D:1      | Reached XP level 2. HP: 16/19 MP: 1/5
   142 | D:1      | Learned a level 2 spell: Poisonous Vapours
   479 | D:1      | Reached XP level 3. HP: 24/24 MP: 5/7
   746 | D:2      | Found a runed translucent door.
   747 | D:2      | Noticed Crazy Yiuf
   813 | D:2      | Noticed Robin
   937 | D:2      | Killed Robin
   938 | D:2      | Reached skill level 3 in Spellcasting
   938 | D:2      | Reached skill level 1 in Air Magic
  1191 | D:2      | Reached skill level 5 in Poison Magic
  1191 | D:2      | Reached XP level 4. HP: 27/28 MP: 3/8
  1196 | D:2      | Learned a level 4 spell: Olgreb's Toxic Radiance
  1879 | D:3      | Found a blossoming altar of Fedhas.
  1902 | D:3      | Found a hide-covered altar of Uskayaw.
  1944 | D:3      | Found a sacrificial altar of Ru.
  2010 | D:3      | Noticed Terence
  2025 | D:3      | Killed Terence
  2026 | D:3      | Reached XP level 5. HP: 19/35 MP: 5/10
  2220 | D:3      | Found a radiant altar of Vehumet.
  2325 | D:3      | Found a faded altar of an unknown god.
  2390 | D:3      | Reached skill level 2 in Air Magic
  2736 | D:4      | Reached skill level 4 in Spellcasting
  2736 | D:4      | Reached skill level 6 in Poison Magic
  2736 | D:4      | Reached XP level 6. HP: 16/41 MP: 8/12
  2958 | D:4      | You fall into a shaft and drop 3 floors!
  2960 | D:7      | Noticed an ice beast
  2974 | D:7      | Killed an ice beast
  2975 | D:7      | Reached XP level 7. HP: 25/46 MP: 12/14
  3148 | D:7      | Reached skill level 7 in Poison Magic
  3175 | D:7      | Found an ancient bone altar of Kikubaaqudgha.
  3192 | D:7      | Found a transporter.
  3197 | D:7      | Noticed Prince Ribbit
  3210 | D:7      | Found a transporter.
  3210 | D:7      | Found a basalt altar of Yredelemnul.
  3214 | D:7      | Noticed Menkaure
  3224 | D:7      | Reached skill level 5 in Spellcasting
  3310 | D:7      | Found a broken altar of Ashenzari.
  3332 | D:7      | Identified the ring of Xom's Malicious Joy {*Slow rF+ Int+8
                  | Dex-2 Slay+5}
  3339 | D:7      | Noticed Maggie
  3362 | D:7      | HP: 3/69 [Maggie/+0 vorpal war axe (3)]
  3363 | D:7      | Slain by Maggie

Illustrated notes

Levels and vault maps discovered:
D:1:      dpeg_arrival_tiny_h, layout_rooms
D:2:      layout_loops_ring, minmay_pentomino_x4, uniq_robin,
          uniq_crazy_yiuf_cottage
D:3:      layout_basic, mainiacjoe_overflow_tiny_flanked,
          overflow_temple_1_default, nicolae_overflow_hidden_temple,
          mainiacjoe_overflow_catch_the_wave,
          hellmonk_ecumenical_altar_lost_god, st_stairs_6,
          minmay_misc_feat_alley, hex_large, uniq_terence
D:4:      layout_basic, old_standard_altar, uniq_ijyb
D:7:      layout_rooms, mainiacjoe_overflow_catwalk,
          gammafunk_temple_of_torment, uniq_maggie, uniq_prince_ribbit1

Skill      XL: |  1  2  3  4  5  6  7 |
---------------+----------------------+-----
Spellcasting   | 3 4 5 |  5.5
Air Magic      | 1 2 |  2.0
Poison Magic   | 5 6 7 |  7.8
Dodging        | |  1.7
Stealth        | |  2.4
Transmutations | |  1.1

Action                   |  1- 3 |  4- 6 |  7- 9 || total
-------------------------+-------+-------+-------++-------
Melee: Dagger            |    53 |    17 |       ||    70
       Unarmed           |     2 |       |       ||     2
       Trident           |       |    83 |    25 ||   108
       Punch             |       |     1 |       ||     1
 Cast: Sting             |    44 |    18 |     2 ||    64
       Olgreb's Toxic Ra |       |     5 |     3 ||     8
 Abil: Dig               |     1 |       |       ||     1
  Use: Scroll            |       |       |     6 ||     6
       Potion            |       |       |     3 ||     3
 Stab: Sleeping          |       |     4 |       ||     4
Armor: Robe              |    25 |    27 |     5 ||    57
       Skin              |       |       |    40 ||    40
Dodge: Dodged            |    43 |    46 |    17 ||   106
